 Dungeon Crawl Stone Soup version 0.20-a0-641-g673355a (webtiles) character file.

941 AlphabetPasta the Sneak (level 7, 0/46 HPs)
             Began as a Vampire Wizard on Feb 13, 2017.
             Was an Initiate of Ashenzari.
             Slain by an orc
             ... wielding a +2 hand axe of flaming
              (1 damage)
             ... on level 6 of the Dungeon on Feb 14, 2017.
             The game lasted 00:37:43 (8873 turns).

AlphabetPasta the Sneak (Vampire Wizard)            Turns: 8873, Time: 00:37:46

Health: 0/46       AC:  4    Str:  6    XL:     7   Next: 88%
Magic:  7/14       EV: 14    Int: 23    God:    Ashenzari [......]
Gold:   348        SH:  0    Dex: 15    Spells: 2/15 levels left

rFire    . . .     SeeInvis +   g - +1 short sword
rCold    + + .     Gourm    .   a - +0 robe
rNeg     + + .     Faith    .   (no shield)
rPois    +         Spirit   .   b - +0 hat
rElec    .         Reflect  .   r - scarf {rC+}
rCorr    .         Harm     .   (no gloves)
MR       .....                  n - +1 pair of boots
Stlth    +++++.....             (no amulet)
Regen    0.1/turn               s - +3 ring of dexterity
MPRegen  0.2/turn               j - ring of stealth

@: regenerating slowly
A: fangs 3, see invisible, unbreathing
a: Bat Form, Curse Item, Renounce Religion


You were on level 6 of the Dungeon.
You worshipped Ashenzari.
Ashenzari was noncommittal.
You were thirsty.

You visited 1 branch of the dungeon, and saw 6 of its levels.

You collected 348 gold pieces.

Inventory:

Hand Weapons
 g - a +1 short sword (weapon)
 m - a +0 falchion
Armour
 a - a +0 robe (worn)
 b - a +0 hat (worn)
 n - a +1 pair of boots (worn)
 o - a +0 shield
 r - a scarf of cold resistance (worn)
Jewellery
 j - a ring of stealth (left hand)
 l - a +3 ring of strength
 p - an uncursed ring of protection from fire
 s - a +3 ring of dexterity (right hand)
Wands
 h - a wand of polymorph (12/24)
 x - a wand of iceblast (0/15)
Scrolls
 f - a scroll of enchant armour
 i - 3 scrolls of remove curse
 u - 2 scrolls of teleportation
 v - a scroll of magic mapping {unknown}
Potions
 d - 12 potions of blood
 t - a potion of brilliance
Books
 c - a book of Minor Magic

   Spells                             Type                      Level
   a - Magic Dart                     Conjuration                  1
   b - Blink                          Translocation                2
   c - Call Imp                       Summoning                    2
   d - Slow                           Hexes                        2
   e - Conjure Flame                  Conjuration/Fire             3
   f - Mephitic Cloud                 Conjuration/Poison/Air       3
 q - a Fen Folio

   Spells                             Type                      Level
   a - Corpse Rot                     Necromancy                   2
   b - Stone Arrow                    Conjuration/Earth            3
   c - Leda's Liquefaction            Hexes/Earth                  4
   d - Summon Forest                  Summoning/Translocation      5
   e - Hydra Form                     Transmutation                6
   f - Summon Hydra                   Summoning                    7


   Skills:
 + Level 2.4 Short Blades
 + Level 4.3 Dodging
 + Level 5.1 Stealth
 * Level 4.7 Spellcasting
 + Level 2.1 Conjurations
 + Level 3.3 Hexes
 - Level 3.0 Summonings
 - Level 2.0 Translocations
 + Level 1.1 Fire Magic
 - Level 1.1 Air Magic
 - Level 1.1 Poison Magic


You had 2 spell levels left.
You knew the following spells:

 Your Spells              Type           Power        Failure   Level  Hunger
a - Magic Dart            Conj           ###.         4%          1    None
b - Call Imp              Summ           ###.....     4%          2    None
c - Blink                 Tloc           N/A          10%         2    None
d - Slow                  Hex            ###.....     4%          2    None
e - Conjure Flame         Conj/Fire      ##......     17%         3    ##.....
f - Mephitic Cloud        Conj/Pois/Air  ##......     17%         3    ##.....


Dungeon Overview and Level Annotations

Branches:
Dungeon (6/15)             Temple (0/1) D:6

Altars:
Ashenzari
Cheibriados
Fedhas
Okawaru
Ru

Annotations:
D:6 crawlisdead's ghost, novice MiFi


Innate Abilities, Weirdness & Mutations

You heal slowly.
You have razor-sharp teeth.
You have supernaturally acute eyesight. (SInv)
You can survive without breathing.


Message History

You are confused. 2 orcs come into view.
Ashenzari warns you: An orc is wielding a hand axe of flaming.
Okay, then.
You bump into the rock wall.
You bump into the rock wall.
The orc hits you with a short sword.
* * * LOW HITPOINT WARNING * * *
It was a potion of flight.
You feel very buoyant.
You fly up into the air.
The orc closely misses you.
The orc wizard casts a spell.
The orc wizard blinks!
Your magical effects are unravelling.
You feel magically purged.
You float gracefully downwards.
You feel less confused. The orc barely misses you.
The orc barely misses your crimson imp.
The orc hits you with a hand axe of flaming.
* * * LOW HITPOINT WARNING * * *
The orc burns you.
You die...

..# .. .... ..# #.
#..# #.# # #. #.o#
#.######## #. #..#
#.#....... #. #..#
#.#.###### #.
#..####.#.#.....
#o##o.##...........
#o@ooo.o.....#.####
#.##5###.#...#.# #
#. #.# #.#...#># #
#.##.###.#...#.## #
#..Wo§.....o....###
####5##...§.......[
#.....###.#[.###
#..o...o..#..#
#####.#####..#


You could see 3 orc wizards, 4 orcs and a friendly crimson imp.

Vanquished Creatures
  A sky beast (D:5)
  A phantom (D:4)
  An ogre (D:5)
  A centaur (D:6)
  A bullfrog (D:6)
  2 scorpions
  A howler monkey (D:4)
  An orc priest (D:5)
  2 bullfrog skeletons
  An iguana (D:4)
  2 worker ants
  5 adders
  A shadow imp (D:6)
  2 adder skeletons
  2 adder zombies (D:5)
  3 worms
  3 dart slugs
  5 leopard geckos
  8 orcs
  2 ball pythons
  8 bats
  2 giant cockroaches
  6 goblins
  7 hobgoblins
  7 jackals
  3 quokkas
  3 frilled lizards
  5 kobolds
  A quokka skeleton (D:6)
  7 rats
94 creatures vanquished.

Vanquished Creatures (collateral kills)
  An ogre (D:4)
  A crimson imp (D:5)
  A hound (D:5)
  An orc priest (D:4)
  An orc wizard (D:2)
  A worker ant (D:4)
  4 adders
  A worm (D:2)
  A dart slug (D:4)
  3 orcs
  2 giant cockroaches (D:3)
  2 goblins (D:3)
19 creatures vanquished.

Vanquished Creatures (others)
  An adder (D:3)
  A rat (D:3)
2 creatures vanquished.

Grand Total: 115 creatures vanquished

Notes
Turn   | Place    | Note
-------+----------+-------------------------------------------
     0 | D:1      | AlphabetPasta the Vampire Wizard began the quest for the Orb.
     0 | D:1      | Reached XP level 1. HP: 13/13 MP: 4/4
   599 | D:1      | Reached XP level 2. HP: 19/19 MP: 0/6
   603 | D:1      | Learned a level 2 spell: Call Imp
   606 | D:1      | Learned a level 2 spell: Blink
   609 | D:1      | Learned a level 2 spell: Slow
   976 | D:2      | Reached skill level 1 in Translocations
  1026 | D:2      | Found an iron altar of Okawaru.
  1174 | D:2      | Reached XP level 3. HP: 19/24 MP: 1/7
  1297 | D:2      | Found a shattered altar of Ashenzari.
  1323 | D:2      | Found a sacrificial altar of Ru.
  1329 | D:2      | Found a snail-covered altar of Cheibriados.
  1407 | D:2      | HP: 1/24 [worm (8)]
  2690 | D:3      | Reached skill level 1 in Conjurations
  3808 | D:2      | Reached skill level 1 in Short Blades
  3808 | D:2      | Reached skill level 1 in Hexes
  3808 | D:2      | Reached XP level 4. HP: 9/30 MP: 2/9
  4480 | D:3      | Reached XP level 5. HP: 15/35 MP: 0/10
  4573 | D:3      | Learned a level 3 spell: Conjure Flame
  4996 | D:2      | Became a worshipper of Ashenzari the Shackled
  5391 | D:4      | Reached skill level 4 in Stealth
  5775 | D:4      | Noticed a phantom
  5795 | D:4      | Killed a phantom
  5795 | D:4      | Reached XP level 6. HP: 30/41 MP: 2/11
  6137 | D:4      | Reached skill level 1 in Fire Magic
  6142 | D:4      | Learned a level 3 spell: Mephitic Cloud
  6360 | D:5      | Entered Level 5 of the Dungeon
  6367 | D:5      | Learned a level 3 spell: Mephitic Cloud
  6575 | D:5      | Reached XP level 7. HP: 28/46 MP: 5/13
  6877 | D:5      | Found a blossoming altar of Fedhas.
  6940 | D:5      | Reached skill level 1 in Air Magic
  7949 | D:6      | Reached skill level 1 in Poison Magic
  8011 | D:6      | Noticed crawlisdead's ghost (novice MiFi)
  8448 | D:6      | Reached skill level 5 in Stealth
  8682 | D:6      | Found a staircase to the Ecumenical Temple.
  8873 | D:6      | HP: 1/46 [orc/hand axe of flaming (3)]
  8873 | D:6      | Slain by an orc

Vault maps used:
D:1:      dpeg_arrival_houses_and_road, serial_curves, eino_curves_02,
          eino_curves_01, eino_curves_04
D:2:      minmay_overflow_temple_star_quad, minmay_misc_feat_roman,
          okawaru_ov_weapons_minmay
D:3:      gup_sewer_entry_glass, lemuel_old_faithful
D:4:      first_bread
D:5:      basic_altar
D:6:      temple_green

Skill      XL: |  1  2  3  4  5  6  7 |
---------------+----------------------+-----
Translocations | 1 2 |  2.0
Conjurations   | 1 2 |  2.1
Short Blades   | 1 2 |  2.4
Dodging        | 3 4 |  4.3
Hexes          | 1 2 3 |  3.3
Summonings     | 2 3 |  3.0
Stealth        | 4 5 |  5.1
Spellcasting   | 4 |  4.7
Fire Magic     | 1 |  1.1
Air Magic      | 1 |  1.1
Poison Magic   | 1 |  1.1

Action                   |  1- 3 |  4- 6 |  7- 9 || total
-------------------------+-------+-------+-------++-------
Melee: Short sword       |    66 |    98 |    90 ||   254
       Bite              |     7 |     6 |       ||    13
 Cast: Magic Dart        |   112 |   105 |   100 ||   317
       Call Imp          |     8 |    18 |    12 ||    38
       Slow              |     1 |     1 |     2 ||     4
       Blink             |       |       |     1 ||     1
Evoke: Wand              |       |       |     4 ||     4
  Use: Scroll            |     9 |     4 |     3 ||    16
       Potion            |     5 |     8 |    11 ||    24
 Stab: Distracted        |     1 |     2 |     2 ||     5
       Sleeping          |       |     7 |     1 ||     8
Armor: Robe              |    22 |    24 |    20 ||    66
Dodge: Dodged            |    59 |    81 |    92 ||   232
